 Dungeon Crawl Stone Soup version 0.29.1-1-gd02db6906a (webtiles) character file.

Game seed: 2376525708785794071

28 Icepheonix32 the Chiller (level 2, -6/17 HPs)
             Began as a Vampire Ice Elementalist on Sept 22, 2022.
             Mangled by a worm (11 damage)
             ... on level 2 of the Dungeon.
             The game lasted 00:02:24 (1192 turns).

Icepheonix32 the Chiller (Vampire Ice Elementalist) Turns: 1192, Time: 00:02:24

Health: -6/17      AC:  2    Str:  7    XL:     2   Next: 96%
Magic:  3/5        EV: 12    Int: 17    God:
Gold:   82         SH:  0    Dex: 14    Spells: 4/5 levels left

rFire   . . .      SeeInvis +   n - +0 hand axe
rCold   . . .      Faith    .   (no shield)
rNeg    . . .      Spirit   .   a - +0 robe
rPois   .          Reflect  .   (no helmet)
rElec   .          Harm     .   (no cloak)
rCorr   .          Rampage  .   (no gloves)
Will    .....                   (no boots)
Stlth   ++........              (no amulet)
HPRegen 0.25/turn               (no ring)
MPRegen 0.09/turn               (no ring)

@: healing quickly
A: alive, fangs 3, see invisible, vampiric 1, [frail 1]
a: Exsanguinate


You were on level 2 of the Dungeon.
You visited 1 branch of the dungeon, and saw 2 of its levels.

You collected 82 gold pieces.

Inventory:

Hand Weapons
 n - a +0 hand axe (weapon)
Missiles
 l - 6 curare-tipped darts
Armour
 a - a +0 robe (worn)
Scrolls
 c - a scroll of enchant weapon {unknown}
 f - a scroll of enchant armour {unknown}
 j - a scroll of summoning {unknown}
 k - a scroll of immolation
 m - 2 scrolls of poison {unknown}
Potions
 b - a potion of magic
 d - a potion of haste {unknown}
 e - a potion of curing {unknown}
 g - a potion of flight {unknown}
 h - a potion of degeneration {unknown}
 i - a potion of attraction {unknown}


   Skills:
 + Level 2.3 Dodging
 + Level 3.3 Stealth
 + Level 0.1 Unarmed Combat
 + Level 2.1 Spellcasting
 * Level 4.6 Ice Magic


You had 4 spell levels left.
You knew the following spells:

 Your Spells              Type           Power      Damage    Failure   Level
a - Freeze                Ice            68%        1d8       2%          1

Your spell library contained the following spells:

 Spells                   Type           Power      Damage    Failure   Level
 Frozen Ramparts          Ice            34%        1d6       9%          3
 Ozocubu's Armour         Ice            17%        N/A       9%          3
 Hailstorm                Conj/Ice       9%         3d4       58%         4


Dungeon Overview and Level Annotations

Branches:
Dungeon (2/15)

Altars:


Innate Abilities, Weirdness & Mutations

Your natural rate of healing is accelerated.
You have razor-sharp teeth.
You have supernaturally acute eyesight. (SInv)
You are afflicted with vampirism.
[You are frail. (-10% HP)]


Message History

Really attack while wielding nothing? [Y]es or [N]o only, please.
Really attack while wielding nothing? [Y]es or [N]o only, please.
Really attack while wielding nothing? [Y]es or [N]o only, please.
Really attack while wielding nothing? [Y]es or [N]o only, please.
Really attack while wielding nothing?
Okay, then.
Really attack while wielding nothing?
Okay, then.
n - a +0 hand axe (weapon)
You hit the worm.
The worm is heavily wounded.
The worm barely misses you.
You hit the worm.
The worm is heavily wounded.
The worm bites you.
You hit the worm.
The worm is heavily wounded.
The worm bites you!
You barely miss the worm.
The worm is heavily wounded.
The worm bites you.
You are too injured to fight recklessly!
You are too injured to fight recklessly!
You see here an adder corpse.
You see here a rat corpse.
The worm barely misses you.
Found a scale mail.
You hit the worm but do no damage. You barely miss the worm.
The worm bites you.
You barely miss the worm. The worm bites you.
* * * LOW HITPOINT WARNING * * *
You hit the worm.
The worm is lightly wounded.
The worm bites you!
Ouch! That really hurt!
You die...

##.# ##..#
#...# .
#.[.# #.
#...# ..
#...##.#
#....#.#
#.@w.#.#
####.#.## #
#....# .#
##w#.##.#
#.#....
##.##.######
#..........#
#......†...#
#....#.†...#


You could see a worm.

Vanquished Creatures
  An adder (D:2)
  2 bats (D:1)
  An endoplasm (D:1)
  A giant cockroach (D:1)
  A hobgoblin (D:1)
  2 jackals (D:1)
  A quokka (D:1)
  2 ball pythons (D:1)
  A frilled lizard (D:1)
  2 kobolds (D:1)
  5 rats
19 creatures vanquished.

Notes
Turn   | Place    | Note
-------+----------+-------------------------------------------
     0 | D:1      | Icepheonix32 the Vampire Ice Elementalist began the quest
                  | for the Orb.
     0 | D:1      | Reached XP level 1. HP: 13/13 MP: 3/3
   527 | D:1      | Reached XP level 2. HP: 9/15 MP: 5/5
   971 | D:1      | Found a faded altar of an unknown god.
  1192 | D:2      | Mangled by a worm

Illustrated notes

Levels and vault maps discovered:
D:1:      dpeg_arrival_concentric_ovals, layout_basic,
          hellmonk_ecumenical_altar_blasted, serial_curves, eino_curves_02,
          eino_curves_02
D:2:      layout_rooms, hangedman_glass_teeth, uniq_jessica

Action                   || total
-------------------------++-------
Melee: Unarmed           ||    52
       Bite              ||     3
       Hand axe          ||     8
 Cast: Freeze            ||    19
 Abil: Exsanguinate      ||     1
       Revivify          ||     1
 Stab: Sleeping          ||     3
Armor: Robe              ||    15
Dodge: Dodged            ||    43
